General information
- name: BNet
- type: Ladder team game (AT/RT)
- host: Battle.net
- saver: BEAR_AND
map: RiverOfSouls
- players: 6
- length: 26:24
- speed: Fast
- version: 1.24 W3XP
- replay type:

» download(207 KB)
Players
team 1 (winner)
BEAR_AND (
red | 104 APM | 2753 actions | 26:24)
4 Archmage
2 Blizzard
2 Brilliance Aura
3 Mountain King
2 Storm Bolt
1 Bash
2 Paladin
1 Holy Light
1 Divine Shield
» actions
| Assign group hotkey | 8 | |
| Basic commands | 12 | |
| Build / train | 140 | |
| Enter build submenu | 74 | |
| Enter hero's abilities submenu | 10 | |
| Give item / drop item | 2 | |
| Right click | 1658 | |
| Select / deselect | 408 | |
| Select group hotkey | 277 | |
| Use ability | 161 | |
2753 total
» units
| Peasant | 31 | |
| Priest | 3 | |
| Dragonhawk Rider | 4 | |
38 total
» upgrades
| Masonry | 2 | |
| Lumber Harvesting | 1 | |
| Magic Sentry | 1 | |
| Swords | 2 | |
| Animal War Training | 1 | |
7 total
» buildings
| Lumber Mill | 1 | |
| Altar of Kings | 2 | |
| Farm | 8 | |
| Scout Tower | 71 | |
| Guard Tower | 46 | |
| Arcane Tower | 7 | |
| Town Hall | 2 | |
| Keep | 4 | |
| Arcane Sanctum | 1 | |
| Arcane Vault | 3 | |
| Castle | 2 | |
| Gryphon Aviary | 2 | |
| Blacksmith | 1 | |
| Barracks | 1 | |
151 total
» build order
00:18 Lumber Mill
00:28 Altar of Kings
01:12 Farm
01:14 Farm
01:35 Scout Tower
01:49 Farm
02:04 Guard Tower
02:05 Guard Tower
02:06 Scout Tower
02:10 Scout Tower
02:11 Scout Tower
02:14 Scout Tower
02:29 Scout Tower
02:34 Arcane Tower
02:56 Guard Tower
03:33 Scout Tower
03:34 Scout Tower
03:35 Scout Tower
03:49 Scout Tower
03:51 Scout Tower
03:52 Scout Tower
03:55 Arcane Tower
03:55 Arcane Tower
03:59 Scout Tower
04:02 Guard Tower
04:03 Guard Tower
04:03 Guard Tower
04:22 Scout Tower
04:23 Scout Tower
04:24 Scout Tower
04:27 Arcane Tower
04:29 Guard Tower
04:30 Guard Tower
04:31 Guard Tower
04:31 Guard Tower
04:58 Guard Tower
05:16 Scout Tower
05:25 Guard Tower
05:25 Guard Tower
06:09 Scout Tower
06:10 Scout Tower
06:15 Scout Tower
06:16 Scout Tower
06:16 Guard Tower
06:17 Guard Tower
06:41 Town Hall
06:43 Scout Tower
06:44 Scout Tower
06:45 Scout Tower
06:46 Scout Tower
06:46 Scout Tower
06:47 Guard Tower
06:50 Guard Tower
06:51 Scout Tower
06:52 Scout Tower
06:52 Scout Tower
06:52 Scout Tower
07:16 Scout Tower
07:16 Scout Tower
07:17 Guard Tower
07:36 Scout Tower
07:37 Scout Tower
07:42 Guard Tower
07:47 Town Hall
07:50 Scout Tower
07:53 Guard Tower
08:12 Guard Tower
08:14 Keep
08:15 Keep
08:15 Keep
08:18 Guard Tower
08:20 Scout Tower
08:20 Scout Tower
08:55 Guard Tower
09:10 Altar of Kings
09:14 Guard Tower
09:14 Guard Tower
09:20 Guard Tower
09:21 Guard Tower
09:21 Guard Tower
09:39 Guard Tower
09:41 Scout Tower
09:45 Scout Tower
09:48 Guard Tower
10:23 Guard Tower
10:23 Guard Tower
10:26 Scout Tower
10:47 Arcane Sanctum
10:58 Arcane Vault
11:32 Guard Tower
11:33 Scout Tower
11:34 Scout Tower
11:35 Scout Tower
12:27 Scout Tower
12:28 Scout Tower
12:37 Arcane Tower
12:48 Scout Tower
12:49 Scout Tower
13:15 Arcane Tower
13:29 Guard Tower
13:30 Scout Tower
13:32 Scout Tower
13:32 Scout Tower
13:47 Guard Tower
13:52 Scout Tower
13:53 Scout Tower
13:59 Castle
14:00 Castle
15:00 Guard Tower
15:50 Guard Tower
16:00 Guard Tower
16:04 Scout Tower
16:06 Scout Tower
16:06 Scout Tower
16:07 Scout Tower
16:07 Scout Tower
16:09 Scout Tower
16:14 Scout Tower
16:15 Scout Tower
16:16 Scout Tower
16:16 Scout Tower
16:17 Scout Tower
16:18 Scout Tower
16:18 Scout Tower
16:31 Gryphon Aviary
16:33 Blacksmith
16:36 Barracks
17:15 Farm
17:16 Farm
17:21 Gryphon Aviary
17:24 Farm
17:24 Farm
17:24 Farm
17:45 Guard Tower
18:19 Guard Tower
18:28 Guard Tower
18:30 Scout Tower
18:30 Scout Tower
18:32 Scout Tower
18:33 Scout Tower
18:33 Scout Tower
18:34 Scout Tower
18:46 Guard Tower
19:03 Guard Tower
20:12 Arcane Vault
20:14 Arcane Vault
20:23 Guard Tower
» items
| Boots of Speed | 3 | |
| Staff of Teleportation | 5 | |
| Potion of Lesser Invulnerability | 3 | |
| Healing Salve | 1 | |
| Orb of Lightning | 2 | |
| Staff of Sanctuary | 1 | |
15 total
nadman (
purple | 130 APM | 3422 actions | 26:22)
4 Blademaster
2 Wind Walk
2 Critical Strike
4 Tauren Chieftain
2 War Stomp
2 Endurance Aura
3 Pandaren Brewmaster
2 Breath of Fire
1 Drunken Haze
» actions
| Assign group hotkey | 18 | |
| Basic commands | 204 | |
| Build / train | 76 | |
| ESC pressed | 9 | |
| Enter build submenu | 51 | |
| Enter hero's abilities submenu | 11 | |
| Give item / drop item | 6 | |
| Right click | 1642 | |
| Select / deselect | 318 | |
| Select group hotkey | 941 | |
| Use ability | 146 | |
3422 total
» units
| Peon | 18 | |
| Wind Rider | 6 | |
| Troll Batrider | 3 | |
27 total
» upgrades
| Spiked Barricades | 2 | |
| Envenomed Spears | 1 | |
| Reinforced Defenses | 1 | |
| Ranged Weapons | 2 | |
| Liquid Fire | 1 | |
7 total
» buildings
| Altar of Storms | 2 | |
| Orc Burrow | 7 | |
| War Mill | 1 | |
| Watch Tower | 25 | |
| Stronghold | 2 | |
| Great Hall | 1 | |
| Voodoo Lounge | 4 | |
| Fortress | 2 | |
| Beastiary | 3 | |
| Barracks | 1 | |
48 total
» build order
00:10 Altar of Storms
00:11 Altar of Storms
00:22 Orc Burrow
00:45 War Mill
02:20 Watch Tower
02:20 Watch Tower
02:39 Watch Tower
02:47 Orc Burrow
03:42 Stronghold
03:43 Stronghold
03:46 Watch Tower
03:46 Watch Tower
04:28 Great Hall
04:52 Watch Tower
04:53 Watch Tower
04:57 Watch Tower
05:54 Watch Tower
05:56 Watch Tower
05:58 Watch Tower
06:57 Orc Burrow
07:35 Watch Tower
07:36 Watch Tower
08:00 Voodoo Lounge
08:22 Fortress
08:22 Fortress
10:01 Beastiary
10:02 Beastiary
10:05 Barracks
10:06 Beastiary
10:39 Watch Tower
10:39 Watch Tower
10:44 Watch Tower
10:44 Watch Tower
11:10 Orc Burrow
11:13 Orc Burrow
13:19 Voodoo Lounge
13:27 Voodoo Lounge
13:28 Voodoo Lounge
14:00 Watch Tower
14:00 Watch Tower
14:01 Watch Tower
17:02 Watch Tower
17:03 Watch Tower
17:03 Watch Tower
17:04 Watch Tower
17:05 Watch Tower
18:03 Orc Burrow
18:04 Orc Burrow
» items
| Boots of Speed | 4 | |
| Staff of Teleportation | 2 | |
| Periapt of Vitality | 4 | |
| Circlet of Nobility | 2 | |
| Orb of Lightning | 3 | |
| Healing Salve | 1 | |
| Scroll of Healing | 2 | |
| Potion of Lesser Invulnerability | 1 | |
| Potion of Healing | 1 | |
20 total

»
TIMG4STRok (
yellow | 108 APM | 2848 actions | 26:22)
6 Dreadlord
3 Sleep
2 Vampiric Aura
1 Inferno
4 Death Knight
2 Death Coil
2 Unholy Aura
» actions
| Assign group hotkey | 8 | |
| Basic commands | 124 | |
| Build / train | 70 | |
| ESC pressed | 7 | |
| Enter build submenu | 17 | |
| Enter hero's abilities submenu | 11 | |
| Give item / drop item | 4 | |
| Right click | 1683 | |
| Select / deselect | 283 | |
| Select group hotkey | 544 | |
| Use ability | 97 | |
2848 total
» units
| Acolyte | 3 | |
| Ghoul | 18 | |
| Frost Wyrm | 2 | |
23 total
» upgrades
| Ghoul Frenzy | 1 | |
| Unholy Strength | 3 | |
| Unholy Armor | 2 | |
6 total
» buildings
| Graveyard | 1 | |
| Altar of Darkness | 2 | |
| Crypt | 1 | |
| Ziggurat | 10 | |
| Nerubian Tower | 2 | |
| Spirit Tower | 8 | |
| Tomb of Relics | 1 | |
| Halls of the Dead | 1 | |
| Black Citadel | 1 | |
| Sacrificial Pit | 1 | |
| Boneyard | 2 | |
30 total
» build order
00:10 Graveyard
00:12 Altar of Darkness
00:14 Crypt
00:39 Ziggurat
00:58 Altar of Darkness
01:36 Ziggurat
01:56 Nerubian Tower
01:58 Spirit Tower
02:28 Nerubian Tower
02:35 Tomb of Relics
04:43 Halls of the Dead
05:19 Ziggurat
05:46 Ziggurat
07:24 Black Citadel
10:10 Spirit Tower
10:15 Sacrificial Pit
11:11 Boneyard
11:12 Boneyard
11:15 Ziggurat
12:46 Ziggurat
12:48 Ziggurat
12:49 Ziggurat
12:51 Ziggurat
12:52 Ziggurat
19:48 Spirit Tower
19:49 Spirit Tower
20:29 Spirit Tower
20:29 Spirit Tower
20:29 Spirit Tower
» items
| Boots of Speed | 3 | |
| Staff of Teleportation | 2 | |
| Orb of Lightning | 2 | |
| Lesser Clarity Potion | 2 | |
| Scroll of Speed | 1 | |
| Potion of Mana | 2 | |
| Potion of Healing | 2 | |
14 total
team 2 (loser)
iAmWarlock (
pink | 104 APM | 2542 actions | 24:20)
4 Blademaster
2 Wind Walk
2 Critical Strike
2 Shadow Hunter
1 Healing Wave
1 Hex
1 Tauren Chieftain
1 Endurance Aura
» actions
| Assign group hotkey | 18 | |
| Basic commands | 47 | |
| Build / train | 83 | |
| ESC pressed | 2 | |
| Enter build submenu | 23 | |
| Enter hero's abilities submenu | 7 | |
| Remove unit from queue | 16 | |
| Right click | 1695 | |
| Select / deselect | 474 | |
| Select group hotkey | 81 | |
| Use ability | 96 | |
2542 total
» units
| Peon | 2 | |
| Grunt | 5 | |
| Raider | 3 | |
| Spirit Walker | 3 | |
| Shaman | 5 | |
| Kodo Beast | 1 | |
| Tauren | 3 | |
22 total
» upgrades
| Spirit Walker Training | 2 | |
| Ranged Weapons | 2 | |
| Melee Weapons | 2 | |
| Armor | 2 | |
| Shaman Training | 2 | |
| Ensnare | 1 | |
| Berserker Strength | 1 | |
| War Drums Damage Increase | 1 | |
| Pulverize | 1 | |
| Pillage | 1 | |
| Witch Doctor Training | 1 | |
16 total
» buildings
| Altar of Storms | 1 | |
| Orc Burrow | 9 | |
| Barracks | 1 | |
| Stronghold | 2 | |
| Voodoo Lounge | 1 | |
| Spirit Lodge | 3 | |
| Beastiary | 1 | |
| War Mill | 1 | |
| Fortress | 3 | |
| Tauren Totem | 2 | |
24 total
» build order
00:01 Altar of Storms
00:03 Orc Burrow
00:42 Barracks
01:30 Orc Burrow
02:38 Stronghold
04:22 Voodoo Lounge
04:26 Orc Burrow
05:05 Spirit Lodge
05:08 Spirit Lodge
05:13 Beastiary
05:37 War Mill
08:04 Fortress
08:05 Fortress
10:15 Orc Burrow
10:16 Orc Burrow
10:37 Spirit Lodge
13:40 Tauren Totem
18:34 Tauren Totem
20:05 Orc Burrow
20:07 Orc Burrow
20:10 Orc Burrow
20:11 Orc Burrow
» items
| Healing Salve | 4 | |
| Lesser Clarity Potion | 4 | |
| Scroll of Speed | 1 | |
| Scroll of Town Portal | 3 | |
12 total
master_teacher (
teal | 65 APM | 1577 actions | 24:12)
2 Archmage
1 Summon Water Elemental
1 Brilliance Aura
» actions
| Assign group hotkey | 5 | |
| Build / train | 60 | |
| Enter build submenu | 24 | |
| Enter hero's abilities submenu | 2 | |
| Right click | 1145 | |
| Select / deselect | 282 | |
| Select group hotkey | 3 | |
| Use ability | 56 | |
1577 total
» units
| Peasant | 6 | |
| Footman | 11 | |
| Gryphon Rider | 25 | |
42 total
» upgrades
| Defend | 1 | |
| Lumber Harvesting | 2 | |
| Swords | 2 | |
| Plating | 1 | |
| Animal War Training | 1 | |
| Storm Hammers | 1 | |
8 total
» buildings
| Altar of Kings | 3 | |
| Barracks | 1 | |
| Farm | 10 | |
| Arcane Vault | 1 | |
| Keep | 1 | |
| Blacksmith | 1 | |
| Lumber Mill | 1 | |
| Castle | 1 | |
| Gryphon Aviary | 3 | |
22 total
» build order
00:04 Altar of Kings
00:06 Barracks
00:09 Altar of Kings
00:11 Farm
00:14 Altar of Kings
00:47 Farm
01:47 Farm
03:20 Arcane Vault
03:33 Keep
03:35 Farm
05:24 Farm
05:25 Farm
05:28 Blacksmith
05:33 Lumber Mill
06:57 Castle
07:58 Gryphon Aviary
08:12 Farm
08:59 Farm
09:09 Gryphon Aviary
09:59 Farm
10:07 Gryphon Aviary
21:18 Farm
» items
| Scroll of Regeneration | 3 | |
| Scroll of Healing | 1 | |
| Scroll of Protection | 1 | |
5 total
MotA_Soup (
green | 33 APM | 875 actions | 26:21)
3 Keeper of the Grove
2 Entangling Roots
1 Thorns Aura
2 Priestess of the Moon
1 Trueshot Aura
1 Searing Arrows
» actions
| Assign group hotkey | 8 | |
| Basic commands | 67 | |
| Build / train | 61 | |
| Enter build submenu | 17 | |
| Enter hero's abilities submenu | 5 | |
| Remove unit from queue | 3 | |
| Right click | 434 | |
| Select / deselect | 217 | |
| Select group hotkey | 27 | |
| Use ability | 36 | |
875 total
» units
| Wisp | 12 | |
| Archer | 5 | |
| Huntress | 18 | |
| Druid of the Claw | 4 | |
| Chimaera | 3 | |
42 total
» upgrades
| Druid of the Claw Training | 2 | |
| Upgrade Moon Glaive | 1 | |
| Corrosive Breath | 1 | |
| Moon Armor | 1 | |
| Well Spring | 1 | |
6 total
» buildings
| Moon Well | 9 | |
| Altar of Elders | 1 | |
| Ancient of War | 2 | |
| Hunter's Hall | 1 | |
| Tree of Ages | 1 | |
| Ancient of Lore | 1 | |
| Tree of Eternity | 1 | |
| Ancient of Wind | 1 | |
| Chimaera Roost | 2 | |
19 total
» build order
00:11 Moon Well
00:17 Altar of Elders
00:36 Ancient of War
01:38 Moon Well
02:21 Hunter's Hall
02:51 Ancient of War
03:53 Moon Well
04:32 Moon Well
04:57 Moon Well
05:34 Tree of Ages
08:07 Ancient of Lore
12:19 Moon Well
12:51 Tree of Eternity
13:22 Moon Well
14:05 Ancient of Wind
16:16 Chimaera Roost
16:25 Chimaera Roost
18:14 Moon Well
18:55 Moon Well
» items
Chat log
(00:05 / All) BEAR_AND: fiddle in da middle
(21:37 / All) BEAR_AND: you guys
(21:38 / All) BEAR_AND: hey
(21:44 / All) MotA_Soup: stfu
(21:46 / All) nadman: yo
(21:46 / All) BEAR_AND: no
(21:47 / All) BEAR_AND: hey
(21:49 / All) nadman: hows this game goin
(21:53 / All) BEAR_AND: look
(21:54 / All) TIMG4STRok: WHY YAKLL PLAYING THIS GAME. AND NOT SC2.
(21:57 / All) BEAR_AND: look @ us winning
(21:59 / All) BEAR_AND: dont leave
(22:01 / All) BEAR_AND: never leave
(22:02 / All) BEAR_AND: stay all game
(22:04 / All) TIMG4STRok: YOU DONT SEEM LIKE THE TYPE THAT IS GOODA T "MICRO"
(22:10 / All) BEAR_AND: if you leave you LLSE!!!!!!!!!!!
(22:35 / All) BEAR_AND: u die
(22:37 / All) BEAR_AND: u cry
(22:41 / All) TIMG4STRok: good bye
(22:54 / All) MotA_Soup: bye
(22:54 / All) BEAR_AND: make like a Tree
(22:55 / All) MotA_Soup: :)
(22:56 / All) BEAR_AND: and fuckin quit
(23:01 / All) TIMG4STRok: do you guys play sc2.
(23:02 / All) MotA_Soup: sigh
(23:05 / All) MotA_Soup: ppl like u are so sad
(23:07 / All) master_teacher: Congrats u can play warcraft and make towers
(23:08 / All) TIMG4STRok: ??
(23:08 / All) BEAR_AND: really
(23:12 / All) BEAR_AND: congrats you can't play war3
(23:13 / All) MotA_Soup: LOL
(23:16 / All) MotA_Soup: get over urself
(23:16 / All) TIMG4STRok: I HAVent played this game in like 2 years
(23:20 / All) BEAR_AND: this is my first game
(23:21 / All) TIMG4STRok: how doy ou feel about that
(23:21 / All) BEAR_AND: in like
(23:24 / All) BEAR_AND: a year and ahalf
(23:29 / All) MotA_Soup: sure it is
(23:32 / All) BEAR_AND: we a pro sc2 team
(23:34 / All) MotA_Soup: every day
(23:35 / All) TIMG4STRok: peep my profile
(23:35 / All) MotA_Soup: LOL
(23:36 / All) BEAR_AND: look @ my profile
(23:42 / All) MotA_Soup: no one cares about ur profile
(23:42 / All) MotA_Soup: LOL
(23:45 / All) BEAR_AND: well you can see
(23:46 / All) master_teacher: Lol get a life
(23:47 / All) BEAR_AND: that i ain't played
(23:49 / All) BEAR_AND: in 2 year
(23:52 / All) BEAR_AND: if you intereste
(23:52 / All) iAmWarlock: Wow
(23:53 / All) iAmWarlock: Great
(23:53 / All) BEAR_AND: hey
(23:54 / All) iAmWarlock: job
(23:54 / All) BEAR_AND: Hey
(23:55 / All) master_teacher: Plz
(23:56 / All) MotA_Soup: go get some pussy
(23:56 / All) BEAR_AND: you fuckin suck
(23:57 / All) master_teacher: life
(23:57 / All) MotA_Soup: pls
(24:01 / All) master_teacher: girlfriend
(24:03 / All) master_teacher: money
(24:05 / All) MotA_Soup: somehting
(24:06 / All) master_teacher: the real world
(24:07 / All) MotA_Soup: kolk
(24:07 / All) master_teacher: Lol
(24:10 / All) BEAR_AND: lol
(24:13 / All) BEAR_AND: you mad about being bad
(24:14 / All) MotA_Soup: even if u havent played this game in 2 years
(24:16 / All) BEAR_AND: at a simple video game
(24:17 / All) BEAR_AND: lol
(24:18 / All) MotA_Soup: U GAME ALL DAY
(24:18 / All) TIMG4STRok: WHY YOU PLAYINg this game???
(24:19 / All) MotA_Soup: EVERY DAY
(24:20 / All) iAmWarlock: Get a fucking life noobs.
(24:20 / All) MotA_Soup: LOL
(24:21 / All) BEAR_AND: lol!
(24:22 / All) TIMG4STRok: its baby's first rts
(24:22 / All) BEAR_AND: LOL!
(24:24 / All) BEAR_AND: LOL!!!!!!!!!!!!!
(24:25 / All) TIMG4STRok: why are you here
(24:26 / All) BEAR_AND: BYE!!!!!!!!!!!!!!!!!!
(24:30 / All) MotA_Soup: sad.
(24:30 / All) BEAR_AND: BYE POOP BOY!!!!!!!!!!!!!!!!!!!
(24:34 / All) MotA_Soup: so sad.
(24:38 / All) BEAR_AND: clean out your diaper
(24:39 / All) MotA_Soup: ur like 12 arent u
(24:40 / All) MotA_Soup: LOL
(24:45 / All) BEAR_AND: noob lord
(24:47 / All) MotA_Soup: virgins lol
(24:47 / All) BEAR_AND: shitbit birdnoob
(24:51 / All) MotA_Soup: rofl
(24:58 / All) MotA_Soup: go get some pussy dude
(24:58 / All) TIMG4STRok: YALL MAY leave now
(25:02 / All) MotA_Soup: stop playing games
(25:02 / All) TIMG4STRok: what clan u in
(25:02 / All) MotA_Soup: pls
(25:03 / All) BEAR_AND: why are you so bad@ this????
(25:04 / All) MotA_Soup: its sad.
(25:07 / All) BEAR_AND: you need help??
(25:09 / All) MotA_Soup: cuz im busy getting laid
(25:10 / All) MotA_Soup: most of the time
(25:11 / All) MotA_Soup: LOL
(25:13 / All) BEAR_AND: lol!
(25:16 / All) MotA_Soup: and drinking
(25:18 / All) MotA_Soup: And having dun
(25:20 / All) MotA_Soup: fun
(25:22 / All) BEAR_AND: drinking cum???
(25:23 / All) MotA_Soup: not polaying fuckign wc3
(25:26 / All) MotA_Soup: all day
(25:29 / All) BEAR_AND: you didn't seem to hear
(25:30 / All) TIMG4STRok: you say this as you refuse to leave a game that you lost
(25:31 / All) MotA_Soup: lol
(25:32 / All) BEAR_AND: i haven't played this in 2 years
(25:37 / All) MotA_Soup: yeloow
(25:39 / All) MotA_Soup: QQ?
(25:40 / All) MotA_Soup: LOL
(25:42 / All) MotA_Soup: Q
(25:42 / All) MotA_Soup: Q
(25:42 / All) MotA_Soup: Q
(25:43 / All) MotA_Soup: Q
(25:43 / All) MotA_Soup: Q
(25:43 / All) MotA_Soup: Q
(25:44 / All) MotA_Soup: Q
(25:44 / All) MotA_Soup: Q
(25:44 / All) MotA_Soup: Q
(25:45 / All) MotA_Soup: Q
(25:45 / All) MotA_Soup: Q
(25:45 / All) MotA_Soup: Q
(25:45 / All) MotA_Soup: Q
(25:47 / All) BEAR_AND: lol
(25:47 / All) TIMG4STRok: yeah man im crying. i lsot this game im rly upset
(25:49 / All) BEAR_AND: clan towa #1
(25:54 / All) MotA_Soup: play a real game
(25:55 / All) MotA_Soup: like dota
(25:58 / All) BEAR_AND: LOL!!!!!
(25:58 / All) TIMG4STRok: lol
(26:01 / All) nadman: jhajaja
(26:01 / All) TIMG4STRok: lol
(26:02 / All) BEAR_AND: hahahahha
(26:02 / All) MotA_Soup: dont tlak hella shit about ladder
(26:04 / Allies) BEAR_AND: huahuahuahuaha
(26:06 / All) BEAR_AND: huahuahuahuauha
(26:08 / All) nadman: real game
(26:09 / All) nadman: like dota
(26:10 / All) BEAR_AND: dota
(26:11 / All) BEAR_AND: real
(26:11 / All) nadman: hahaa
(26:11 / All) BEAR_AND: game
(26:13 / All) BEAR_AND: lmao
(26:15 / All) BEAR_AND: jesus christ
(26:19 / All) TIMG4STRok: dota is for retards who cant handle babby wc3